 Dungeon Crawl Stone Soup version 0.28-a0-563-gf77a47075d (webtiles) character file.

Game seed: 16820718560730813288

21778 robertstho the Thaumaturge (level 13, -5/90 HPs)
             Began as a Djinni Fire Elementalist on Sept 29, 2021.
             Was an Initiate of Gozag.
             Slain by a four-headed hydra (9 damage)
             ... on level 1 of the Lair of Beasts.
             The game lasted 00:23:51 (19407 turns).

robertstho the Thaumaturge (DjFE)                  Turns: 19407, Time: 00:23:52

Health: -5/90      AC: 15    Str:  7    XL:     13   Next: 22%
Gold:   814        EV:  8    Int: 22    God:    Gozag SH: 12 Dex: 19

rFire   + + .      SeeInvis .   h - +1 dagger (venom)
rCold   x x .      Faith    .   n - +2 buckler
rNeg    . . .      Spirit   .   B - +6 scale mail "Xeanleaz" {rPois rC- Will+++ Dex+3}
rPois   ∞          Reflect  +   q - +0 helmet
rElec   .          Harm     .   x - scarf {repulsion}
rCorr   +          Rampage  .   c - +0 pair of gloves
Will    ++++.                   (boots unavailable)
Stlth   +.........              C - amulet "Tyqettau" {Reflect *Slow +Inv Int+2 SH+5}
HPRegen 0.25/turn               o - ring of resist corrosion
MPRegen 0.00/turn               (no ring)

@: gold aura, flying, very slightly contaminated, studying Armour, repel
missiles
A: sickness immunity, fire resistance 2, cold vulnerability 1, float, innate
caster, hp casting, extra vitality 1
a: Renounce Religion, Evoke Invisibility, Potion Petition, Call Merchant, Bribe
Branch


You were on level 1 of the Lair of Beasts.
You worshipped Gozag.
Gozag was pleased with you.
You visited 3 branches of the dungeon, and saw 14 of its levels.

You collected 1089 gold pieces.
You spent 112 gold pieces at shops.
You paid 163 gold pieces to Gozag.

Inventory:

Hand Weapons
 h - a +1 dagger of venom (weapon)
 r - a +1 rapier of holy wrath
 s - a +2 dagger of electrocution
Missiles
 j - a throwing net
Armour
 a - a +0 robe
 c - a +0 pair of gloves (worn)
 n - a +2 buckler (worn)
 p - a +2 ring mail of cold resistance
 q - a +0 helmet (worn)
 x - a scarf of repulsion (worn)
 B - the +6 scale mail "Xeanleaz" (worn) {rPois rC- Will+++ Dex+3}
   (You found it on level 11 of the Dungeon)

   Dex:       It affects your dexterity (+3).
   rC:        It makes you vulnerable to cold.
   rPois:     It protects you from poison.
   Will:      It greatly increases your willpower.
Jewellery
 o - a ring of resist corrosion (left hand)
 C - the amulet "Tyqettau" (around neck) {Reflect *Slow +Inv Int+2 SH+5}
   (You acquired it on level 11 of the Dungeon)

   [amulet of reflection]

   It reflects blocked missile attacks.
   Int:       It affects your intelligence (+2).
   +Inv:      It lets you turn invisible.
   *Slow:     It may slow you when you take damage.
   SH:        It affects your SH (+5).
Wands
 e - a wand of flame (29)
 t - a wand of mindburst (17)
 A - a wand of digging (1)
 H - a wand of acid (10)
Scrolls
 g - 4 scrolls of enchant weapon
 i - a scroll of blinking
 k - a scroll of immolation
 l - a scroll of fog
 m - 4 scrolls of teleportation
 u - a scroll of brand weapon
 w - 2 scrolls of magic mapping {unknown}
 y - a scroll of amnesia {unknown}
 z - a scroll of fear {unknown}
 E - a scroll of silence {unknown}
 J - a scroll of identify
Potions
 b - a potion of cancellation
 d - a potion of heal wounds {unknown}
 f - 2 potions of invisibility
 v - 3 potions of mutation {unknown}
 F - a potion of berserk rage {unknown}
 G - 2 potions of lignification {unknown}
 I - a potion of attraction {unknown}
 K - a potion of curing
Miscellaneous
 D - a box of beasts


   Skills:
 * Level 7.4 Fighting
 + Level 1.6 Short Blades
 + Level 4.6 Armour
 + Level 4.2 Dodging
 + Level 3.3 Stealth
 + Level 1.9 Shields
 * Level 14.6 Spellcasting


You had 9 spell levels left.
You knew the following spells:

 Your Spells              Type           Power      Damage    Failure   Level
a - Foxfire               Conj/Fire      100%       2x1d9     1%          1
b - Scorch                Fire           100%       2d10      1%          2
c - Conjure Flame         Conj/Fire      69%        6-21      1%          3
d - Inner Flame           Hex/Fire       69%        N/A       1%          3
e - Flame Wave            Conj/Fire      69%        3d12      1%          4
f - Pain                  Necr           100%       1d9       1%          1
g - Call Imp              Summ           69%        N/A       1%          2
h - Spider Form           Tmut/Pois      34%        N/A       1%          3
i - Iskenderun's Mystic   Conj/Tloc      69%        2d14      1%          4
j - Summon Ice Beast      Ice/Summ       69%        N/A       1%          4
k - Summon Mana Viper     Hex/Summ       69%        N/A       3%          5
Your spell library was empty.

Dungeon Overview and Level Annotations

Branches:
Dungeon (12/15)            Temple (1/1) D:5            Lair (1/6) D:9
    Orc: D:9-12

Altars:
Ashenzari
Cheibriados
Dithmenos
Elyvilon
Fedhas
Gozag
Hepliaklqana
Kikubaaqudgha
Makhleb
Nemelex Xobeh
Okawaru
Qazlal
Ru
Sif Muna
Trog
Uskayaw
Vehumet
Wu Jian
Xom
Yredelemnul
Zin
The Shining One

Shops:
D:4 (   D:5 *[[   D:9 [?


Innate Abilities, Weirdness & Mutations

You are immune to sickness and miasma.
You are immune to poison.
Your flesh is very heat resistant. (rF++)
You are vulnerable to cold. (rC-)
You float through the air rather than walking.
You learn spells naturally, not from books.
Your magical power is your life essence.
You have superior vitality. (+4 HP)


Message History

Unknown command.
Casting: Foxfire (safe; 1% risk of failure)
Press: ? - help, Q - select action, (/) - cycle Dir - look around, f - activate You conjure some foxfire!
Unknown command.
Casting: Foxfire (safe; 1% risk of failure)
Confirm with . or Enter, or press ? or * to list all spells.
Flames lash the cane toad.
The cane toad is almost dead.
The cane toad's fire resistance burns away.
* * * LOW HITPOINT WARNING * * *
The foxfire hits the cane toad.
The cane toad is burned terribly!
You kill the cane toad!
Casting: Scorch (safe; 1% risk of failure)
Confirm with . or Enter, or press ? or * to list all spells.
You erupt in a blast of force!
* * * LOW HITPOINT WARNING * * *
The four-headed hydra is no longer distracted by gold.
The foxfire hits the four-headed hydra.
The four-headed hydra is moderately wounded.
Casting: Iskenderun's Mystic Blast (mildly dangerous; 1% risk of failure)
Confirm with . or Enter, or press ? or * to list all spells.
You erupt in a blast of force!
The mystic blast hits the four-headed hydra!!
The four-headed hydra is heavily wounded.
* * * LOW HITPOINT WARNING * * *
Unknown command.
Casting: Iskenderun's Mystic Blast (mildly dangerous; 1% risk of failure)
Confirm with . or Enter, or press ? or * to list all spells.
You erupt in a blast of force!
The mystic blast hits the four-headed hydra!!
The four-headed hydra is almost dead.
* * * LOW HITPOINT WARNING * * *
The four-headed hydra bites you but does no damage.
You block the four-headed hydra's attack.
The four-headed hydra bites you!
* * * LOW HITPOINT WARNING * * *
The four-headed hydra bites you!
You die...
Your body crumbles into a pile of gold.

###.. #...P $####.#....####
## ##....
...........##.######.P#P....
...........................P
..........$................P
...>............P########..P
...........$....##P#####...≈
..........$$................
...........@$$..............
..........D###.###.#P#P#...(
#P######.$.# ### ### ###P..#
#P..## ##..# ##...#####
##... #..#.##P########...#
####...................
.......................
##.###...............##


You could see a four-headed hydra.

Vanquished Creatures
  A hydra (Lair:1)
  3 two-headed ogres
  Pikel (D:4)
  An oklob plant (D:11)
  3 cyclopes
  2 cane toads (Lair:1)
  Maggie (D:7)
  3 komodo dragons (Lair:1)
  A freezing wraith (D:11)
  3 trolls
  2 hornets
  3 slime creatures (D:9)
  3 shadows
  Sigmund (D:4)
  2 vampires
  35 yaks
  2 wyverns (D:9)
  A wraith (D:10)
  6 vampire mosquitoes (D:12)
  Grum (D:9)
  A basilisk (D:9)
  Menkaure (D:4)
  A warg (D:12)
  3 water moccasins
  Edmund (D:4)
  An acid dragon (D:7)
  Duvessa (D:6)
  A sky beast (D:7)
  2 black bears
  An ice beast (D:6)
  An ogre (D:4)
  4 orc warriors
  A lemure (D:4)
  A phantom (D:4)
  5 centaurs
  Blork the orc (D:5)
  3 gnoll sergeants
  4 kobold brigands
  4 bullfrogs
  3 scorpions
  Dowan (D:6)
  A water moccasin zombie (D:5)
  15 killer bees
  5 wights (D:7)
  3 howler monkeys (D:11)
  4 centaur zombies
  5 crimson imps (D:9)
  12 hounds
  8 jellies
  6 orc priests
  Natasha (twice) (D:2)
  5 iguanas
  5 orc wizards
  A hound skeleton (D:5)
  2 hound zombies
  A howler monkey zombie (D:7)
  9 adders
  A howler monkey skeleton (D:4)
  18 gnolls
  4 shadow imps
  4 white imps (D:9)
  3 ufetubi (D:6)
  2 dart slugs
  27 orcs
  6 ball pythons
  5 bats
  18 endoplasms
  3 giant cockroaches
  6 goblins
  6 hobgoblins
  4 jackals (D:9)
  4 quokkas
  2 frilled lizards
  17 kobolds
  5 rats
335 creatures vanquished.

Vanquished Creatures (others)
  751 foxfires
  9 fungi
  2 plants (Lair:1)
762 creatures vanquished.

Grand Total: 1097 creatures vanquished

Notes
Turn   | Place    | Note
-------+----------+-------------------------------------------
     0 | D:1      | robertstho the Djinni Fire Elementalist began the quest for
                  | the Orb.
     0 | D:1      | Reached XP level 1. HP: 15/15 MP: 0/0
   239 | D:1      | Found a faded altar of an unknown god.
   416 | D:1      | Reached XP level 2. HP: 15/21 MP: 0/0
  1077 | D:1      | Reached skill level 3 in Spellcasting
  1153 | D:1      | Reached XP level 3. HP: 22/26 MP: 0/0
  1153 | D:1      | Learned a level 1 spell: Pain
  1938 | D:2      | Reached XP level 4. HP: 26/31 MP: 0/0
  2041 | D:2      | Noticed Natasha
  2048 | D:2      | Killed Natasha
  2183 | D:2      | Reached skill level 1 in Fighting
  2184 | D:2      | Noticed Natasha
  2190 | D:2      | Killed Natasha
  2191 | D:2      | Reached XP level 5. HP: 26/37 MP: 0/0
  2191 | D:2      | Learned a level 2 spell: Call Imp
  2803 | D:3      | Reached skill level 4 in Spellcasting
  2975 | D:3      | Reached XP level 6. HP: 28/42 MP: 0/0
  3975 | D:4      | Noticed Menkaure
  3981 | D:4      | Killed Menkaure
  3982 | D:4      | Reached skill level 5 in Spellcasting
  3982 | D:4      | Reached XP level 7. HP: 42/48 MP: 0/0
  3982 | D:4      | Learned a level 3 spell: Spider Form
  4482 | D:4      | Noticed Pikel
  4496 | D:4      | Killed Pikel
  4497 | D:4      | Reached skill level 6 in Spellcasting
  4497 | D:4      | Reached XP level 8. HP: 27/55 MP: 0/0
  4662 | D:4      | Found Irchel's Antique Weapon Emporium.
  4681 | D:4      | Reached skill level 7 in Spellcasting
  4831 | D:4      | Found a glowing golden altar of the Shining One.
  5022 | D:4      | Noticed Edmund
  5030 | D:4      | Killed Edmund
  5122 | D:4      | Noticed Sigmund
  5129 | D:4      | Killed Sigmund
  5205 | D:5      | Entered Level 5 of the Dungeon
  5205 | D:5      | Found Fane's Antique Armour Boutique.
  5257 | D:5      | Found a staircase to the Ecumenical Temple.
  5279 | Temple   | Entered the Ecumenical Temple
  5600 | D:5      | Reached XP level 9. HP: 55/60 MP: 0/0
  5600 | D:5      | Learned a level 4 spell: Iskenderun's Mystic Blast
  5816 | D:5      | Found Keas Qag's Antique Armour Shop.
  5824 | D:5      | Reached skill level 8 in Spellcasting
  6424 | D:5      | Identified a scroll of acquirement
  6429 | D:5      | Acquired a manual of Armour
  6701 | D:5      | Found Adamenon's Assorted Antiques.
  6706 | D:5      | Bought a scroll of identify for 32 gold pieces
  6706 | D:5      | Bought a scroll of identify for 32 gold pieces
  6706 | D:5      | Bought a scroll of teleportation for 48 gold pieces
  6872 | D:5      | Noticed Blork the orc
  6879 | D:5      | Killed Blork the orc
  7049 | D:6      | Found a shimmering altar of Xom.
  7195 | D:6      | Found a broken altar of Ashenzari.
  7197 | D:6      | Found a hazy altar of Hepliaklqana.
  7538 | D:6      | Noticed Dowan
  7539 | D:6      | Noticed Duvessa
  7543 | D:6      | Killed Duvessa
  7544 | D:6      | Reached skill level 9 in Spellcasting
  7544 | D:6      | Killed Dowan
  8598 | D:7      | Noticed Maggie
  8610 | D:7      | Killed Maggie
  8611 | D:7      | Reached skill level 1 in Short Blades
  8611 | D:7      | Reached XP level 10. HP: 27/67 MP: 0/0
  8983 | D:6      | Found a stormy altar of Qazlal.
  8983 | D:6      | Found a snail-covered altar of Cheibriados.
  9311 | D:7      | Reached skill level 10 in Spellcasting
 10460 | D:8      | Reached skill level 1 in Shields
 10739 | D:8      | Noticed a cyclops
 10749 | D:8      | Killed a cyclops
 10949 | D:8      | Noticed a two-headed ogre
 10954 | D:8      | Killed a two-headed ogre
 10955 | D:8      | Reached skill level 5 in Fighting
 10955 | D:8      | Reached skill level 11 in Spellcasting
 10955 | D:8      | Reached XP level 11. HP: 57/75 MP: 0/0
 10955 | D:8      | Learned a level 4 spell: Summon Ice Beast
 11822 | D:8      | Found a sacrificial altar of Ru.
 11822 | D:8      | Found an ornate altar of the Wu Jian Council.
 11830 | D:8      | Found a hide-covered altar of Uskayaw.
 11832 | D:8      | Found a faded altar of an unknown god.
 11833 | D:8      | Found a basalt altar of Yredelemnul.
 12000 | D:9      | Noticed a two-headed ogre
 12008 | D:9      | Killed a two-headed ogre
 12130 | D:9      | Found Ohir's Antique Armour Shop.
 12185 | D:9      | Reached skill level 12 in Spellcasting
 12598 | D:9      | Noticed Grum
 12606 | D:9      | Killed Grum
 12799 | D:9      | Found a staircase to the Lair.
 13179 | D:9      | Noticed a two-headed ogre
 13185 | D:9      | Killed a two-headed ogre
 13571 | D:9      | Reached skill level 1 in Armour
 13754 | D:9      | Found Olihug's Magic Scroll Emporium.
 13975 | D:9      | Reached XP level 12. HP: 78/83 MP: 0/0
 14444 | D:10     | Entered Level 10 of the Dungeon
 14537 | D:10     | Reached skill level 13 in Spellcasting
 16093 | D:10     | Found an opulent altar of Gozag.
 16118 | D:10     | Found a glowing silver altar of Zin.
 16183 | D:10     | Became a worshipper of Gozag Ym Sagoz the Greedy
 16397 | D:11     | Identified the +6 scale mail "Xeanleaz" {rPois rC- Will+++
                  | Dex+3}
 16467 | D:11     | Acquired the amulet "Tyqettau" {Reflect *Slow +Inv Int+2
                  | SH+5}
 16635 | D:11     | Found an ornate altar of the Wu Jian Council.
 17705 | D:11     | Noticed a boulder beetle
 18358 | D:12     | Reached skill level 14 in Spellcasting
 18561 | D:12     | Noticed an eight-headed hydra
 18633 | D:12     | Noticed a skeletal warrior
 18635 | D:12     | Noticed a skeletal warrior
 18637 | D:12     | Noticed a skeletal warrior
 18949 | Lair:1   | Entered Level 1 of the Lair of Beasts
 18967 | Lair:1   | Noticed a four-headed hydra
 18971 | Lair:1   | Reached XP level 13. HP: 59/90 MP: 0/0
 18971 | Lair:1   | Learned a level 5 spell: Summon Mana Viper
 18975 | Lair:1   | Killed a four-headed hydra
 19394 | Lair:1   | Noticed a four-headed hydra
 19407 | Lair:1   | HP: 4/90 [four-headed hydra (12)]
 19407 | Lair:1   | Slain by a four-headed hydra

Illustrated notes

Levels and vault maps discovered:
D:1:      wander_arrival_estate, layout_loops_ring,
          shapermc_ecumenical_altar_notcrosses
D:2:      layout_basic, basic_altar, uniq_natasha
D:3:      layout_loops_cross, kennysheep_path_1, hangedman_decor_peaks_small
D:4:      layout_gridville, tso_altar, nicolae_take_the_stairs, uniq_pikel,
          uniq_edmund, uniq_menkaure, uniq_sigmund
D:5:      layout_gridville, minmay_temple_entry_large_hall, serial_shops,
          nicolae_shop_crystal, nicolae_stop_n_shop_2, nicolae_shop_crystal,
          uniq_blork_the_orc
D:6:      layout_loops_ring, brannock_xom_greatest_gift,
          nicolae_overflow_hidden_temple, uniq_duvessa
D:7:      layout_cave_pools, chequers_hall_statues_corner_a,
          hangedman_decor_clover_reticule, uniq_maggie
D:8:      layout_loops_cross, mainiacjoe_overflow_alcove_4,
          chequers_temple_overflow_minitemple
D:9:      layout_cave_pools, david_lair_generic, serial_gnoll_camp,
          gnoll_camp_mini_sergeant, gnoll_camp_mini_doghouse,
          gnoll_camp_mini_shop, gnoll_camp_mini_shop, gnoll_camp_mini_hut,
          grums_kennel, minmay_nine_imps
D:10:     layout_loops_corners, pdpol_temple_overflow_zin_treasury_gozag_greed,
          minmay_quadrilaterals
D:11:     lemuel_slime, layout_irregular_city, nzn_wu_jian_council_hall
D:12:     layout_small_grid, david_orc_3, minmay_mirror_moons_of_madness
Temple:   compressed_dpeg_triangle_lava_temple
Lair:1:   layout_long_grid, serial_bayou_shore_a

Skill      XL: |  1  2  3  4  5  6  7  8  9 10 11 12 13 |
---------------+----------------------------------------+-----
Spellcasting   | 3 4 5 6 7 9 11 12 14 | 14.6
Fighting       | 1 2 3 4 5 6 7 |  7.4
Stealth        | 2 3 |  3.3
Dodging        | 3 4 |  4.2
Short Blades   | 1 |  1.6
Shields        | 1 |  1.9
Armour         | 1 3 4 |  4.6

Action                   |  1- 3 |  4- 6 |  7- 9 | 10-12 | 13-15 || total
-------------------------+-------+-------+-------+-------+-------++-------
Melee: Dagger            |       |       |    25 |    34 |     7 ||    66
 Cast: Foxfire           |    70 |    53 |    96 |   216 |     7 ||   442
       Scorch            |       |    30 |    22 |    33 |     6 ||    91
       Flame Wave        |       |       |     4 |     9 |       ||    13
       Iskenderun's Myst |       |       |    31 |   201 |    17 ||   249
       Summon Mana Viper |       |       |       |       |     1 ||     1
  Use: Scroll            |       |       |    10 |     6 |       ||    16
       Potion            |       |       |       |     1 |       ||     1
 Stab: Distracted        |       |       |     1 |       |       ||     1
       Sleeping          |       |       |     1 |       |       ||     1
Armor: Robe              |     3 |       |     5 |     1 |       ||     9
       Ring mail         |       |       |       |    32 |       ||    32
       Scale mail        |       |       |       |    11 |     4 ||    15
Dodge: Dodged            |    25 |     7 |    34 |    58 |     2 ||   126
Block: Buckler           |       |       |     8 |    50 |    13 ||    71
       Reflection        |       |       |       |     1 |       ||     1

Table legend: (Time is in decaauts)
 A = Elapsed time spent in this place.
 B = Non-inter-level travel time spent in this place.
 C = Inter-level travel time spent in this place.
 D = Time resting spent in this place.
 E = Time spent auto-exploring this place.
 F = Levels seen in this place.
 G = Mean time per level.
                   A        B        C        D        E       F      G
               +--------+--------+--------+--------+--------+-----+--------+
         Total |  19423 |  18991 |    432 |   1425 |  15684 |  14 | 1387.4 |
       Dungeon |  18648 |  18246 |    402 |   1425 |  15026 |  12 | 1554.0 |
        Temple |    317 |    287 |     30 |      0 |    282 |   1 |  317.0 |
          Lair |    457 |    457 |      0 |      0 |    376 |   1 |  457.0 |
               +--------+--------+--------+--------+--------+-----+--------+

Top non-repeatable levels by time:
    D:11: 2367 daAuts
     D:8: 2109 daAuts
     D:9: 1951 daAuts
     D:6: 1832 daAuts
    D:10: 1793 daAuts
     D:1: 1624 daAuts
     D:7: 1566 daAuts
     D:5: 1490 daAuts
     D:3: 1288 daAuts
     D:4: 1276 daAuts
     D:2: 1023 daAuts
  Lair:1: 457 daAuts
    D:12: 323 daAuts
  Temple: 317 daAuts
